General information
- name: 1v1 obs TR #3
- type: Custom game
- host: snarker
- saver: TIMG4STRok
map: TurtleRock
- players: 12
- length: 10:22
- speed: Fast
- version: 1.21 W3XP
- replay type:

» download(41 KB)
Players
team 1 (winner)

»
TIMG4STRok (
red | 141 APM | 1467 actions | 10:22)
3 Death Knight
2 Death Coil
1 Unholy Aura
1 Lich
1 Frost Nova
» actions
| Assign group hotkey | 17 | |
| Basic commands | 20 | |
| Build / train | 29 | |
| Enter build submenu | 16 | |
| Enter hero's abilities submenu | 4 | |
| Right click | 934 | |
| Select / deselect | 100 | |
| Select group hotkey | 309 | |
| Use ability | 38 | |
1467 total
» units
| Acolyte | 2 | |
| Ghoul | 2 | |
| Crypt Fiend | 7 | |
| Obsidian Statue | 2 | |
13 total
» upgrades
» buildings
| Graveyard | 1 | |
| Crypt | 2 | |
| Ziggurat | 5 | |
| Altar of Darkness | 1 | |
| Tomb of Relics | 1 | |
| Nerubian Tower | 1 | |
| Halls of the Dead | 1 | |
| Slaughterhouse | 1 | |
13 total
» build order
00:08 Graveyard
00:11 Crypt
00:12 Crypt
00:39 Ziggurat
00:59 Altar of Darkness
01:50 Ziggurat
02:22 Tomb of Relics
02:53 Nerubian Tower
03:56 Ziggurat
04:32 Halls of the Dead
06:15 Ziggurat
07:00 Slaughterhouse
09:03 Ziggurat
» items
| Rod of Necromancy | 1 | |
| Potion of Healing | 1 | |
| Sacrificial Skull | 1 | |
3 total
team 2 (loser)
ama.tipsynub (
brown | 105 APM | 1083 actions | 10:18)
2 Far Seer
1 Feral Spirit
1 Chain Lighting
1 Tauren Chieftain
1 Shockwave
» actions
| Assign group hotkey | 38 | |
| Basic commands | 7 | |
| Build / train | 41 | |
| Enter build submenu | 11 | |
| Enter hero's abilities submenu | 3 | |
| Give item / drop item | 2 | |
| Right click | 522 | |
| Select / deselect | 219 | |
| Select group hotkey | 188 | |
| Use ability | 52 | |
1083 total
» units
» upgrades
» buildings
| Altar of Storms | 1 | |
| Orc Burrow | 4 | |
| Barracks | 1 | |
| Voodoo Lounge | 2 | |
| Stronghold | 2 | |
| Beastiary | 2 | |
12 total
» build order
00:06 Altar of Storms
00:18 Orc Burrow
00:34 Barracks
01:31 Orc Burrow
02:01 Voodoo Lounge
03:18 Stronghold
04:45 Orc Burrow
04:51 Orc Burrow
06:45 Voodoo Lounge
07:03 Beastiary
07:05 Beastiary
» items
| Boots of Speed | 1 | |
| Staff of Teleportation | 1 | |
| Potion of Healing | 4 | |
| Scroll of Speed | 1 | |
| Healing Salve | 1 | |
| Lesser Clarity Potion | 1 | |
9 total
observerssnarker,
lordfrig,
FacePunch,
Cryptonix,
jello21,
KURISUTARU,
royceroyce2001,
ring-of-element,
TheMuffinOfEvil,
MarkAustin316 Chat log
(00:04 / All) TIMG4STRok: gl hf
(00:11 / All) ama.tipsynub: u2
(02:56 / All) ama.tipsynub: wtf.
(02:59 / All) TIMG4STRok: ?
(03:02 / All) ama.tipsynub: nothing
(03:16 / All) ama.tipsynub: lol
(05:46 / All) TIMG4STRok: god damn
(07:57 / All) TIMG4STRok: what
(08:26 / All) TIMG4STRok: how much hp did fs have
(08:26 / All) ama.tipsynub: like 5
(10:17 / All) ama.tipsynub: gg